 Dungeon Sprint DCSS version 0.30-a0-965-g42e074c17a (webtiles) character file.

Game seed: 6273672581528714308

47 sircluck the Chopper (level 3, -4/36 HPs)
             Began as a Hill Orc Monk on Mar 31, 2023.
             Slain by an ice beast (7 damage)
             ... in the Dungeon (Sprint IX: "|||||||||||||||||||||||||||||").
             The game lasted 00:00:23 (91 turns).

sircluck the Chopper (Hill Orc Monk)                  Turns: 91, Time: 00:00:24

Health: -4/36      AC:  2    Str: 13    XL:     3   Next: 70%
Magic:  3/3        EV: 13    Int: 12    God:
Gold:   0          SH:  0    Dex: 13    Spells: 2/2 levels left

rFire   . . .      SeeInvis .    a - +0 hand axe
rCold   . . .      Faith    .    (no shield)
rNeg    . . .      Spirit   .    b - +0 robe
rPois   .          Reflect  .    (no helmet)
rElec   .          Rampage  .    (no cloak)
rCorr   .          NoTele   +    (no gloves)
Will    .....                    (no boots)
Stlth   ++                       (no amulet)
HPRegen 0.26/turn                (no ring)
MPRegen 0.08/turn                (no ring)

@: on berserk cooldown, slowed, very slow
A: no striking features
a: no special abilities


You were in the Dungeon.
You visited 1 branch

Inventory:

Hand Weapons
 a - a +0 hand axe (weapon)
Armour
 b - a +0 robe (worn)
Scrolls
 i - a scroll of blinking
Potions
 c - a potion of ambrosia
 d - a potion of curing
 e - a potion of heal wounds
 f - a potion of haste
 g - 2 potions of magic


   Skills:
 + Level 5.6 Fighting
 + Level 6.8 Axes
 + Level 4.0 Dodging
 + Level 2.0 Stealth


You had 2 spell levels left.
You didn't know any spells.
Your spell library was empty.

Dungeon Overview and Level Annotations

Branches:
Dungeon (1/1)

Altars:


Message History

Your Fighting skill increases to level 5!
Your Axes skill gained 2 levels and is now at level 6!
Your Dodging skill increases to level 3!
You have reached level 2!
You have reached level 3!
Your experience leads to an increase in your attributes!
Increase (S)trength, (I)ntelligence, or (D)exterity?
You feel clever. x2
The orc misses you.
There is an open door, spattered with blood here.
You see here an iguana corpse.
You closely miss the orc. The orc barely misses you.
You slash the orc!
You kill the orc!
Your Stealth skill increases to level 2!
The white imp gestures at you. The puff of frost hits you!
Things that are here:
a +0 dagger; an orc corpse You slash the white imp!
The white imp is severely wounded.
The white imp gestures at you. The puff of frost misses you.
You barely miss the white imp.
The white imp is severely wounded.
You slash the white imp!
You kill the white imp!
You slash the adder!
You kill the adder!
Your Dodging skill increases to level 4!
You are no longer berserk.
You are exhausted.
You feel yourself slow down.
You completely miss the ice beast. The ice beast hits you.
The ice beast freezes you!
* * * LOW HITPOINT WARNING * * *
The ice beast hits you.
* * * LOW HITPOINT WARNING * * *
The ice beast freezes you!
You die... ▓▓▓▓▓▓▓▓▓▓▓▓▓▓▓▓▓▓ +..Y@)†....)†...<▓ ▓▓▓▓▓▓▓▓▓▓▓▓▓▓▓▓▓▓

You could see an ice beast.

Vanquished Creatures
  An iguana (D)
  An adder (D)
  A white imp (D)
  An orc (D)
  A hobgoblin (D)
  A jackal (D)
  A ball python (D)
  A frilled lizard (D)
  A kobold (D)
9 creatures vanquished.

Notes
Turn   | Place    | Note
-------+----------+-------------------------------------------
     0 | D        | sircluck the Hill Orc Monk began the quest for the Orb.
     0 | D        | Reached XP level 1. HP: 19/19 MP: 1/1
    77 | D        | Noticed an ice beast
    77 | D        | Noticed an iguana
    81 | D        | Killed an iguana
    82 | D        | Reached skill level 5 in Fighting
    82 | D        | Reached skill level 6 in Axes
    82 | D        | Reached XP level 2. HP: 21/29 MP: 2/2
    82 | D        | Reached XP level 3. HP: 27/36 MP: 3/3
    91 | D        | Slain by an ice beast

Illustrated notes

Levels and vault maps discovered:
D:        linesprint [early_d, line_temple, items_1, d_10, items_2, lair_1,
          lair_end, items_3, orc_1, orc_end, items_4, d_15, swamp_1, shoals_1,
          snake_1, spider_1, d_20, vaults_1, items_5, swamp_end, shoals_end,
          snake_end, spider_end, vaults_end, d_27, items_6, zot_1, zot_end,
          crypt_end, forest_end, elf_end, slime_end, tomb_end, abyss_end,
          pan_hell_end]

Skill      XL: |  1  2  3 |
---------------+----------+-----
Fighting       | 5 |  5.6
Axes           | 6 |  6.8
Dodging        | 3 4 |  4.0
Stealth        | 2 |  2.0

Action                     || total
---------------------------++-------
  Melee: Hand axe          ||    27
    Use: Potion            ||     1
 Armour: Robe              ||     2
  Dodge: Dodged            ||    14

Table legend: (Time is in decaauts)
 A = Elapsed time spent in this place.
 B = Non-inter-level travel time spent in this place.
 C = Inter-level travel time spent in this place.
 D = Time resting spent in this place.
 E = Time spent auto-exploring this place.
 F = Levels seen in this place.
 G = Mean time per level.
                   A        B        C        D        E       F      G
               +--------+--------+--------+--------+--------+-----+--------+
         Total |     88 |     88 |      0 |     50 |      0 |   1 |   88.0 |
       Dungeon |     88 |     88 |      0 |     50 |      0 |   1 |   88.0 |
               +--------+--------+--------+--------+--------+-----+--------+

Top non-repeatable levels by time:
       D: 88 daAuts
